 Dungeon Crawl Stone Soup version 0.18-a0-1718-g40ea4b6 (webtiles) character file.

34 incide the Chopper (level 3, 0/27 HPs)
             Began as a Demonspawn Gladiator on Apr 8, 2016.
             Slain by a shadow imp (3 damage)
             ... summoned by Natasha
             ... on level 2 of the Dungeon.
             The game lasted 00:01:56 (985 turns).

incide the Chopper (Demonspawn Gladiator)            Turns: 985, Time: 00:01:58

Health: 0/27       AC:  3    Str: 16    XL:     3   Next: 14%
Magic:  3/3        EV: 12    Int: 14    God:
Gold:   34         SH:  0    Dex: 13    Spells: 0 memorised, 2 levels left

rFire  . . .     SeeInvis .     a - +0 war axe
rCold  . . .     Gourm    .     b - +0 leather armour
rNeg   . . .     Faith    .     (no shield)
rPois  .         Spirit   .     (helmet restricted)
rElec  .         Dismiss  .     (no cloak)
rCorr  .         Reflect  .     (no gloves)
SustAt .         Harm     .     (no boots)
MR     .....                    (no amulet)
Stlth  ++........               (no ring)
                                (no ring)

@: brilliant, not resistant to hostile enchantments, unstealthy
A: horns 1, nightstalker 1
a: no special abilities


You were on level 2 of the Dungeon.
You were not hungry.

You visited 1 branch of the dungeon, and saw 3 of its levels.

You collected 34 gold pieces.

Inventory:

Hand Weapons
 a - a +0 war axe (weapon)
Missiles
 d - 3 throwing nets (quivered)
Armour
 b - a +0 leather armour (worn)
 c - a +0 helmet
Scrolls
 e - a scroll of remove curse {unknown}
 h - a scroll of immolation {unknown}
 j - a scroll of noise {unknown}
 k - a scroll of identify {unknown}
 l - a scroll of enchant armour {unknown}
 m - a scroll of amnesia {unknown}
 n - a scroll of enchant weapon {unknown}
Potions
 i - a potion of brilliance
Comestibles
 f - 5 bread rations
 g - a meat ration


   Skills:
 - Level 2.0 Fighting
 - Level 3.8 Axes
 - Level 1.7 Throwing
 - Level 2.6 Dodging
 + Level 0.5 Unarmed Combat


You had 2 spell levels left.
You didn't know any spells.

Dungeon Overview and Level Annotations

Branches:
Dungeon (3/15)

Altars:

Annotations:
D:2 Natasha


Innate Abilities, Weirdness & Mutations

You have a pair of small horns on your head.
You are slightly more attuned to the shadows.


Message History

You closely miss the jackal. The jackal misses you. x2
You slash the jackal!
You kill the jackal!
The crimson imp puffs mist at you. Natasha claws you.
The crimson imp grinds its teeth.
You barely miss Natasha.
Natasha mumbles some strange words.
You hit Natasha but do no damage. Your headbutt misses Natasha.
You hit the shadow imp but do no damage.
Natasha stares at you and mumbles some strange words.
The magic dart hits you! The shadow imp hits you.
Drink which item? (? for menu, Esc to quit)
It was a potion of brilliance.
You feel clever all of a sudden. Natasha claws you!
* * * LOW HITPOINT WARNING * * *
The crimson imp gestures.
The crimson imp blinks!
The shadow imp hits you.
You die...

#### # #.. .# #######
## #.# ###..
......###.####.##.....
..###.##.#.....5..##...
.## ##.##.####.#@5.....
.# #....# #.#h###...
.## ##.#### #..ยง.
..###...# ###.##
......#.# #.# ........#
... .#####..# ...
.#####..# .##.....#


You could see Natasha, a crimson imp and a shadow imp.

Vanquished Creatures
  A dart slug (D:1)
  3 giant geckos
  A giant cockroach (D:1)
  4 goblins
  2 hobgoblins
  2 jackals (D:2)
  4 bats
  4 giant newts
  3 kobolds (D:1)
  5 rats (D:1)
29 creatures vanquished.

Notes
Turn   | Place    | Note
--------------------------------------------------------------
     0 | D:1      | incide the Demonspawn Gladiator began the quest for the Orb.
     0 | D:1      | Reached XP level 1. HP: 16/16 MP: 1/1
    22 | D:1      | Reached skill level 3 in Axes
   417 | D:1      | Gained mutation: You are slightly more attuned to the shadows. [demonic ancestry]
   417 | D:1      | Reached XP level 2. HP: 18/22 MP: 2/2
   955 | D:2      | Gained mutation: You have a pair of small horns on your head. [demonic ancestry]
   955 | D:2      | Reached XP level 3. HP: 26/27 MP: 3/3
   977 | D:2      | Noticed Natasha
   985 | D:2      | Slain by a shadow imp

Vault maps used:
D:1:      zaba_arrival_water, kennysheep_nondescript
D:2:      first_bread, dk_vineyard_2, uniq_natasha
D:3:      eino_tiny_chamber

Skill      XL: |  1 |
---------------+----+-----
Axes           | 3 |  3.8
Fighting       | |  2.0
Throwing       | |  1.7
Dodging        | |  2.6
Unarmed Combat | |  0.5

Action                   || total
-------------------------++-------
Melee: War axe           ||    82
  Use: Potion            ||     1
 Stab: Sleeping          ||     3
